 Dungeon Crawl Stone Soup version 0.18-a0-1774-gce1f7b6 (webtiles) character file.

9 Duffy the Charmwright (level 2, 0/22 HPs)
             Began as a Formicid Skald on Apr 15, 2016.
             Slain by a jackal (2 damage)
             ... on level 1 of the Dungeon.
             The game lasted 00:00:26 (493 turns).

Duffy the Charmwright (Formicid Skald)               Turns: 493, Time: 00:00:27

Health: 0/22       AC:  3    Str: 16    XL:     2   Next: 25%
Magic:  5/5        EV: 11    Int: 11    God:
Gold:   28         SH:  0    Dex: 10    Spells: 1 memorised, 4 levels left

rFire  . . .     SeeInvis +     a - +0 mace
rCold  . . .     Gourm    .     b - +0 leather armour
rNeg   . . .     Faith    .     (no shield)
rPois  .         Spirit   .     (helmet unavailable)
rElec  .         Dismiss  .     (no cloak)
rCorr  .         Reflect  .     (no gloves)
SustAt .         Harm     .     (no boots)
MR     .....                    (no amulet)
Stlth  +.........               (no ring)
                                (no ring)

@: not resistant to hostile enchantments, very unstealthy
A: permanent stasis, dig shafts and tunnels, four strong arms, antennae 3
a: Dig, Shaft Self


You were on level 1 of the Dungeon.
You were not hungry.

You visited 1 branch of the dungeon, and saw 1 of its levels.

You collected 28 gold pieces.


Innate Abilities, Weirdness & Mutations

You are under a permanent stasis effect.
You can dig through walls and to a lower floor.
Your four strong arms can wield two-handed weapons with a shield.
You have a pair of large antennae on your head (SInv).


   Skills:
 - Level 2.1 Fighting
 + Level 2.8 Maces & Flails
 - Level 1.1 Armour
 - Level 0.8 Dodging
 - Level 2.1 Spellcasting
 - Level 3.0 Charms


You had 4 spell levels left.
You knew the following spells:

 Your Spells              Type           Power        Failure   Level  Hunger
a - Infusion              Chrm           #...         12%         1    ##.....

Inventory:

Hand Weapons
 a - a +0 mace (weapon)
Armour
 b - a +0 leather armour (worn)
Scrolls
 f - a scroll of enchant armour {unknown}
Potions
 e - a potion of mutation {unknown}
Books
 c - a book of Battle
Comestibles
 d - 2 bread rations

Dungeon Overview and Level Annotations

Branches:
Dungeon (1/15)

Altars:


Message History

The jackal is severely wounded.
The jackal bites you. The jackal barely misses you.
The jackal bites you but does no damage.
The jackal completely misses you. The jackal bites you.
You are too injured to fight recklessly!
You are too injured to fight recklessly!
You are too injured to fight recklessly!
You are too injured to fight recklessly!
You are too injured to fight recklessly!
You are too injured to fight recklessly!
You are too injured to fight recklessly!
You are too injured to fight recklessly!
You are too injured to fight recklessly!
You are too injured to fight recklessly!
You are too injured to fight recklessly!
You are too injured to fight recklessly!
You are too injured to fight recklessly!
You are too injured to fight recklessly!
You are too injured to fight recklessly!
You are too injured to fight recklessly!
You are too injured to fight recklessly!
You extend your mandibles.
You dig through the rock wall.
The jackal closely misses you.
The jackal barely misses you. x2; The jackal bites you.
You dig through the rock wall.
The jackal bites you.
You hit the jackal.
You kill the jackal!
The jackal barely misses you.
You closely miss the jackal.
The jackal bites you but does no damage.
The jackal completely misses you.
You closely miss the jackal. The jackal bites you. x2
You closely miss the jackal. The jackal bites you.
You closely miss the jackal. The jackal bites you.
You die...

#... #.#.# #... #.#.#
#... .... #
#...######.######
#.#.............?..
.#............##########
......%h.$..............
.######h#####..........#
#@# #..........# ###
#..........#
#..........#
#..........#
#..........#
#..........#
#######...## #...## {
#...##


You could see 2 jackals.

Action                   || total
-------------------------++-------
Melee: Mace              ||    21
 Abil: Dig               ||     2
Armor: Leather armour    ||     8
Dodge: Dodged            ||    26

Notes
Turn   | Place    | Note
--------------------------------------------------------------
     0 | D:1      | Duffy the Formicid Skald began the quest for the Orb.
     0 | D:1      | Reached XP level 1. HP: 16/16 MP: 3/3
   458 | D:1      | Reached XP level 2. HP: 22/22 MP: 5/5
   493 | D:1      | Slain by a jackal

Vault maps used:
D:1:      lemuel_arrival_cross

Vanquished Creatures
  A giant gecko
  A goblin
  A hobgoblin
  2 jackals
  A kobold
  A bat
7 creatures vanquished.
